 Dungeon Crawl Stone Soup version 0.29.0-5-ge4962eb29e (webtiles) character file.

Game seed: 14284781810365528633

209 HoaS the Shooter (level 5, -15/30 HPs)
             Began as a Gargoyle Hunter on Aug 28, 2022.
             Was an Initiate of Makhleb.
             Killed by divine providence
             ... invoked by an orc priest
              (17 damage)
             ... on level 3 of the Dungeon.
             The game lasted 00:04:34 (2378 turns).

HoaS the Shooter (Gargoyle Hunter)                  Turns: 2378, Time: 00:04:35

Health: -15/30     AC:  9    Str: 15    XL:     5   Next: 87%
Magic:  5/5        EV: 11    Int:  9    God:    Makhleb [......]
Gold:   160        SH:  0    Dex: 15    Spells: 4/4 levels left

rFire   . . .      SeeInvis .   a - +1 shortbow
rCold   . . .      Faith    .   (shield currently unavailable)
rNeg    + . .      Spirit   .   c - +0 leather armour
rPois   ∞          Reflect  .   f - +0 helmet
rElec   +          Harm     .   k - +0 cloak
rCorr   .          Rampage  .   (no gloves)
Will    .....                   (no boots)
Stlth   ++........              (no amulet)
HPRegen 0.10/turn               (no ring)
MPRegen 0.09/turn               (no ring)

@: no status effects
A: sickness immunity, AC +4, negative energy resistance 1, electricity
resistance, torment resistance 1, petrification resistance
a: Renounce Religion


You were on level 3 of the Dungeon.
You worshipped Makhleb.
Makhleb was noncommittal.
You visited 1 branch of the dungeon, and saw 3 of its levels.

You collected 160 gold pieces.

Inventory:

Hand Weapons
 a - a +1 shortbow (weapon)
Armour
 c - a +0 leather armour (worn)
 f - a +0 helmet (worn)
 k - a +0 cloak (worn)
Scrolls
 b - 2 scrolls of immolation
 g - a scroll of identify
 h - 5 scrolls of teleportation
Potions
 d - 2 potions of curing
 e - 2 potions of haste
 j - 2 potions of mutation {unknown}


   Skills:
 - Level 2.1 Fighting
 + Level 6.9 Ranged Weapons
 - Level 1.5 Dodging
 - Level 1.1 Stealth


You had 4 spell levels left.
You didn't know any spells.
Your spell library contained the following spells:

 Spells                   Type           Power      Damage    Failure   Level
 Ensorcelled Hibernation  Hex/Ice        0%         N/A       58%         2
 Passwall                 Tmut/Erth      0%         N/A       58%         2
 Wereblood                Tmut           0%         N/A       58%         2
 Swiftness                Air            0%         N/A       83%         3
 Summon Hydra             Summ           0%         N/A       100%        7
 Sublimation of Blood     Necr           Unusable   N/A       N/A         2

Dungeon Overview and Level Annotations

Branches:
Dungeon (3/15)

Altars:
Makhleb
Nemelex Xobeh
Trog

Shops:
D:1 [


Innate Abilities, Weirdness & Mutations

You are immune to sickness and miasma.
Your stone body is resilient. (AC +4)
You are immune to poison.
You resist negative energy. (rN+)
You are resistant to electric shocks. (rElec)
You are resistant to unholy torment.
You are immune to petrification.


Message History

Fire: a) +1 shortbow
Press: ? - help, Q - select action Shift-Dir - straight line, f/p - orc priest
Aim: an orc priest, wielding a +0 dagger (moderately wounded, 64% to hit)
You shoot an arrow. The arrow hits the orc.
The orc is lightly wounded.
Fire: a) +1 shortbow
Press: ? - help, Q - select action Shift-Dir - straight line, f/p - orc priest
Aim: an orc priest, wielding a +0 dagger (moderately wounded, 64% to hit)
You shoot an arrow.
The arrow closely misses the orc priest.
The orc priest mumbles some strange prayers to Beogh against you.
Beogh smites you! The orc misses you.
Fire: a) +1 shortbow
Press: ? - help, Q - select action Shift-Dir - straight line, f/p - orc priest
Aim: an orc priest, wielding a +0 dagger (moderately wounded, 64% to hit)
You shoot an arrow. The arrow barely misses the orc.
The arrow hits the orc but does no damage.
The orc is lightly wounded.
The orc closely misses you.
Fire: a) +1 shortbow
Press: ? - help, Q - select action Shift-Dir - straight line, f/p - orc priest
Aim: an orc priest, wielding a +0 dagger (moderately wounded, 64% to hit)
You shoot an arrow. The arrow barely misses the orc.
The arrow closely misses the orc priest.
The orc barely misses you.
The orc priest calls down the wrath of Beogh upon you.
Beogh smites you!
Ouch! That really hurt!
* * * LOW HITPOINT WARNING * * *
Fire: a) +1 shortbow
Press: ? - help, Q - select action Shift-Dir - straight line, f/p - orc priest
Aim: an orc priest, wielding a +0 dagger (moderately wounded, 64% to hit)
You shoot an arrow.
The arrow hits the orc but does no damage.
The orc is lightly wounded.
The orc barely misses you.
The orc priest mumbles some strange prayers to Beogh against you.
Beogh smites you!
Ouch! That really hurt!
You die...

#.......##.#######..
#.......##.#........
####.......#....######.
##..............** ##
*#..............******
#............##.,,...####
#............#*****#.....
#........[...# **...####
#......o@....# **,,,,,**
#......oo.#### *,,,.,,,*
##†.....o## *,,,....##
*.........* *,,,......
*.........* **,,....##
*.........# **,,.,,,.)
*.........# *,,,,,,,##
*.........# *,,,,,,,*
**,,,,,,,** *,,,,,,,*


You could see an orc priest and 3 orcs.

Vanquished Creatures
  A sky beast (D:3)
  An orc wizard (D:3)
  3 adders (D:3)
  A dart slug (D:2)
  2 orcs (D:3)
  7 endoplasms
  2 giant cockroaches (D:1)
  4 goblins
  8 hobgoblins
  3 quokkas
  8 ball pythons
  5 bats (D:1)
  8 frilled lizards
  6 kobolds
  3 rats
62 creatures vanquished.

Notes
Turn   | Place    | Note
-------+----------+-------------------------------------------
     0 | D:1      | HoaS the Gargoyle Hunter began the quest for the Orb.
     0 | D:1      | Reached XP level 1. HP: 12/12 MP: 1/1
    65 | D:1      | Found Siss's Antique Armour Emporium.
   104 | D:1      | Reached XP level 2. HP: 17/17 MP: 2/2
   413 | D:1      | Reached XP level 3. HP: 21/21 MP: 3/3
   478 | D:1      | Reached skill level 5 in Ranged Weapons
   767 | D:2      | Found a faded altar of an unknown god.
  1618 | D:3      | Noticed a sky beast
  1621 | D:3      | Reached XP level 4. HP: 26/26 MP: 4/4
  1626 | D:3      | Killed a sky beast
  1627 | D:3      | Reached skill level 6 in Ranged Weapons
  1627 | D:3      | Reached XP level 5. HP: 30/30 MP: 5/5
  1730 | D:3      | Found a bloodstained altar of Trog.
  1731 | D:3      | Found a burning altar of Makhleb.
  1732 | D:3      | Found a sparkling altar of Nemelex Xobeh.
  1787 | D:3      | Became a worshipper of Makhleb the Destroyer
  2378 | D:3      | Killed from afar by an orc priest

Illustrated notes

Levels and vault maps discovered:
D:1:      matt_arrival_grand_opening, layout_loops_cross, serial_shops,
          nicolae_shop_overgrown_old_shop, minivault_26
D:2:      layout_rooms, basic_ecumenical_altar, minmay_tromino_i2
D:3:      layout_rooms, chequers_temple_overflow_statue_of_worship,
          uniq_crazy_yiuf_cottage

Skill      XL: |  1  2  3  4 |
---------------+-------------+-----
Ranged Weapons | 5 6 |  6.9
Fighting       | |  2.1
Dodging        | |  1.5
Stealth        | |  1.1

Action                   |  1- 3 |  4- 6 || total
-------------------------+-------+-------++-------
 Fire: Shortbow          |   118 |    54 ||   172
  Use: Scroll            |     6 |     4 ||    10
Armor: Leather armour    |    19 |    11 ||    30
Dodge: Dodged            |    34 |    11 ||    45
